 Dungeon Crawl Stone Soup version 0.27-a0-1191-g601b473118 (webtiles) character file.

Game seed: 6037991321078227088

1684 tilp the Summoner (level 9, -3/67 HPs)
             Began as a Barachi Summoner on May 24, 2021.
             Was a Believer of Okawaru.
             Slain by a wyvern (14 damage)
             ... on level 7 of the Dungeon.
             The game lasted 00:13:33 (9055 turns).

tilp the Summoner (Barachi Summoner)                Turns: 9055, Time: 00:13:34

Health: -3/67      AC:  7    Str: 13    XL:     9   Next: 2%
Magic:  4/15       EV: 12    Int: 11    God:    Okawaru [**....]
Gold:   54         SH:  0    Dex: 13    Spells: 10/16 levels left

rFire    + + +     SeeInvis .   b - +6 spear "Erghim" {flame, rF+++ rC- rCorr Int-4}
rCold    x . .     Faith    .   (no shield)
rNeg     . . .     Spirit   .   m - +0 ring mail
rPois    .         Reflect  .   (no helmet)
rElec    .         Harm     .   v - +0 cloak
rCorr    +         Rampage  .   (no gloves)
Will     .....                  c - +0 pair of boots
Stlth    ++........             (no amulet)
HPRegen  0.21/turn              (no ring)
MPRegen  0.14/turn              (no ring)

@: unable to hop, slow
A: amphibious, slowness 1, strong legs 1, +LOS
a: Hop, Renounce Religion, Heroism


You were on level 7 of the Dungeon.
You worshipped Okawaru.
Okawaru was pleased with you.
You visited 1 branch of the dungeon, and saw 7 of its levels.

You collected 175 gold pieces.
You spent 121 gold pieces at shops.

Inventory:

Hand Weapons
 a - a +2 dagger of venom
 b - the +6 spear "Erghim" (weapon) {flame, rF+++ rC- rCorr Int-4}
   (You found it on level 4 of the Dungeon)

   It has been specially enchanted to burn those struck by it, causing extra
   injury to most foes and up to half again as much damage against particularly
   susceptible opponents.
   It affects your intelligence (-4).
   It renders you almost immune to fire.
   It makes you vulnerable to cold.
   It protects you from acid and corrosion.
 h - a +0 halberd
 u - a +0 trident
 y - a +2 scythe of protection
 B - a +0 trident of venom
 C - a +0 halberd
Missiles
 f - 6 javelins
 j - 8 atropa-tipped darts
 r - 38 poisoned darts (quivered)
Armour
 c - a +0 pair of boots (worn)
 k - a +0 leather armour
 m - a +0 ring mail (worn)
 n - a +7 plate armour of ponderousness
 v - a +0 cloak (worn)
Jewellery
 A - a ring of positive energy
Wands
 o - a wand of iceblast (6)
 w - a wand of paralysis (7)
Scrolls
 g - a scroll of magic mapping
 l - a scroll of summoning
 s - 3 scrolls of identify
 z - 2 scrolls of teleportation
Potions
 d - a potion of haste
 e - 2 potions of curing
 i - 4 potions of lignification
 p - 2 potions of mutation
 q - a potion of invisibility
 t - 2 potions of brilliance
 x - a potion of flight


   Skills:
 + Level 4.8 Fighting
 * Level 2.7 Polearms
 + Level 4.5 Dodging
 - Level 4.0 Stealth
 - Level 4.0 Spellcasting
 - Level 8.0 Summonings
 + Level 4.4 Invocations
 + Level 2.0 Evocations


You had 10 spell levels left.
You knew the following spells:

 Your Spells              Type           Power      Damage    Failure   Level
a - Summon Small Mammal   Summ           76%        N/A       1%          1
b - Call Imp              Summ           19%        N/A       3%          2
c - Call Canine Familiar  Summ           19%        N/A       6%          3

Your spell library contained the following spells:

 Spells                   Type           Power      Damage    Failure   Level
 Summon Guardian Golem    Hex/Summ       11%        N/A       30%         3
 Sandblast                Erth           4%         2d4       45%         1
 Passwall                 Tmut/Erth      1%         N/A       61%         2
 Summon Ice Beast         Ice/Summ       11%        N/A       69%         4
 Summon Lightning Spire   Summ/Air       11%        N/A       69%         4
 Stone Arrow              Conj/Erth      4%         3d7       83%         3
 Petrify                  Tmut/Erth      2%         N/A       99%         4
 Lee's Rapid Deconstruct  Erth           1%         3d5*      100%        5


Dungeon Overview and Level Annotations

Branches:
Dungeon (7/15)             Temple (0/1) D:5

Altars:
Ashenzari
Makhleb
Okawaru
Trog
Vehumet
Zin

Shops:
D:1 (?   D:7 [

Annotations:
D:5 exclusion: troll


Innate Abilities, Weirdness & Mutations

You are amphibious.
You cover ground slowly.
You can hop short distances.
You have an extended range of vision and can be seen from far away.


Message History

Your hound's corpse disappears in a puff of smoke!
The wyvern bites your crimson imp!
Your crimson imp dies!
A centaur comes into view.
A hound comes into view.
The hound moves out of view.
The wyvern bites you but does no damage.
Casting: Call Canine Familiar (dangerous; 6% risk of failure)
Confirm with . or Enter, or press ? or * to list all spells.
The wyvern bites you!
* * * LOW HITPOINT WARNING * * *
Unknown command.
The wyvern misses you.
You swap places.
Your hound bites the wyvern but does no damage.
The wyvern barely misses your hound.
Your hound bites the wyvern but does no damage.
The wyvern bites your hound!
Reach: b) +6 spear "Erghim" {flame, rF+++ rC- rCorr Int-4}
Press: ? - help, Dir - move target, f - wyvern
Aim: a wyvern (ally target, about 31% to evade the +6 spear "Erghim")
You reach to attack!
You puncture the wyvern! You burn the wyvern.
The wyvern is moderately wounded.
Your hound bites the wyvern.
The wyvern bites your hound.
Your hound bites the wyvern but does no damage.
The wyvern bites your hound.
Reach: b) +6 spear "Erghim" {flame, rF+++ rC- rCorr Int-4}
Press: ? - help, Dir - move target, f/p - wyvern
Aim: a wyvern (heavily wounded, ally target, about 31% to evade the +6 spear "Erghim")
You reach to attack!
You hit the wyvern. You burn the wyvern.
The wyvern is severely wounded.
Your hound barely misses the wyvern.
The wyvern bites your hound!
Your hound dies!
Your hound's corpse disappears in a puff of smoke!
The wyvern bites you!
* * * LOW HITPOINT WARNING * * *
Casting: Call Canine Familiar (dangerous; 6% risk of failure)
Confirm with . or Enter, or press ? or * to list all spells.
The wyvern bites you!
You die...

##.....).[...................#
.................##.......!..#
.○.☼.............###....∩..§#####
.○_☼.)...........#.....O.........
.§.§☼.)..........#ZO...Zc........
°.°....<........##c########h#####
####.....#.....###.# ...
........##.#######.# .♣♣♣
##......##.##...@l.# ol
#............####h# .♣
#......##..### #.# ..
#......###.# ### .♣ ####.### #.#
.♣ ... #># .#.. #.# #.# #.#


You could see a wyvern (ally target) and a friendly hound (summoned).

Vanquished Creatures
  A wyvern (D:5)
  2 water moccasins
  A necrophage (D:5)
  An ogre (D:6)
  A phantom (D:4)
  2 bullfrogs (D:6)
  A gnoll sergeant (D:7)
  2 scorpions (D:5)
  A wyvern zombie (D:7)
  2 howler monkeys (D:6)
  A bullfrog zombie (D:5)
  An orc priest (D:3)
  A gnoll shaman (D:7)
  An orc wizard (D:7)
  A hound skeleton (D:4)
  2 gnolls
  9 adders
  4 worms
  4 dart slugs
  6 orcs
  2 endoplasms
  5 hobgoblins
  2 jackals (D:1)
  A kobold (D:3)
  3 quokkas
  5 ball pythons
  4 bats
  4 frilled lizards
  5 goblins
  A rat (D:1)
76 creatures vanquished.

Vanquished Creatures (collateral kills)
  Sigmund (D:3)
  Eustachio (D:6)
  An ogre (D:4)
  3 wights (D:7)
  A hound (D:4)
  A centaur skeleton (D:5)
  6 gnolls
  An adder (D:5)
  An orc (D:5)
  A ball python (D:4)
  An endoplasm (D:4)
  2 goblins
  A hobgoblin (D:4)
  A quokka (D:3)
  3 kobolds
25 creatures vanquished.

Grand Total: 101 creatures vanquished

Notes
Turn   | Place    | Note
-------+----------+-------------------------------------------
     0 | D:1      | tilp the Barachi Summoner began the quest for the Orb.
     0 | D:1      | Reached XP level 1. HP: 13/13 MP: 3/3
     0 | D:1      | Noticed an electric eel
     7 | D:1      | You fall into a shaft and drop 1 floor!
   629 | D:1      | Reached skill level 1 in Fighting
   753 | D:1      | Reached XP level 2. HP: 22/22 MP: 5/5
   756 | D:1      | Learned a level 2 spell: Call Imp
   803 | D:1      | Found Qaanex's Magic Scroll Emporium.
   953 | D:1      | Found Avoozxuo's Weapon Boutique.
  1077 | D:1      | Found a faded altar of an unknown god.
  1396 | D:1      | Reached skill level 5 in Summonings
  2138 | D:2      | Reached XP level 3. HP: 27/27 MP: 6/6
  2396 | D:3      | Found a burning altar of Makhleb.
  2396 | D:3      | Noticed Sigmund
  2493 | D:3      | Learned a level 3 spell: Call Canine Familiar
  2939 | D:3      | Reached XP level 4. HP: 19/33 MP: 5/8
  3232 | D:1      | Bought a scroll of identify for 22 gold pieces
  3606 | D:3      | Reached skill level 6 in Summonings
  3852 | D:4      | Noticed an ogre
  3874 | D:4      | Killed an ogre
  3875 | D:4      | Reached XP level 5. HP: 41/41 MP: 4/9
  4023 | D:4      | Found an iron altar of Okawaru.
  4032 | D:4      | Became a worshipper of Warmaster Okawaru
  4226 | D:4      | Found a glowing silver altar of Zin.
  4249 | D:4      | Reached XP level 6. HP: 28/47 MP: 5/10
  4544 | D:4      | Identified the +6 spear "Erghim" {flame, rF+++ rC- rCorr
                  | Int-4}
  4652 | D:4      | Found a bloodstained altar of Trog.
  4652 | D:4      | Found a broken altar of Ashenzari.
  5170 | D:3      | Killed Sigmund
  5170 | D:3      | Reached * piety under Okawaru
  5171 | D:3      | Reached XP level 7. HP: 39/54 MP: 3/11
  5338 | D:1      | Bought a scroll of teleportation for 33 gold pieces
  5560 | D:5      | Entered Level 5 of the Dungeon
  5585 | D:5      | Reached skill level 1 in Invocations
  5596 | D:5      | Noticed a wyvern
  5608 | D:5      | Killed a wyvern
  5817 | D:5      | Noticed a troll
  6015 | D:5      | Reached XP level 8. HP: 49/60 MP: 9/13
  6096 | D:5      | Found a staircase to the Ecumenical Temple.
  6521 | D:6      | Reached ** piety under Okawaru
  6522 | D:6      | Reached skill level 7 in Summonings
  6675 | D:6      | Noticed Eustachio
  6825 | D:6      | Reached skill level 8 in Summonings
  7522 | D:6      | Killed Eustachio
  7523 | D:6      | Reached skill level 1 in Polearms
  7674 | D:1      | Bought a scroll of identify for 22 gold pieces
  7674 | D:1      | Bought a scroll of identify for 22 gold pieces
  7674 | D:1      | Bought a scroll of identify for 22 gold pieces
  7832 | D:7      | Reached skill level 1 in Evocations
  7979 | D:7      | Found a radiant altar of Vehumet.
  9019 | D:7      | Found Iboletza's Antique Armour Shoppe.
  9029 | D:7      | Noticed a wyvern
  9041 | D:7      | Reached XP level 9. HP: 36/67 MP: 7/15
  9055 | D:7      | Slain by a wyvern

Illustrated notes

Levels and vault maps discovered:
D:1:      arrival_aquarium_a, layout_loops_ring,
          shapermc_ecumenical_altar_notcrosses, serial_shops, shop_statue, shop
D:2:      layout_loops_ring
D:3:      layout_basic, old_standard_altar, uniq_sigmund
D:4:      layout_cave_pools, okawaru_ov_weapons_minmay, kennysheep_mini_moat,
          gammafunk_temple_overflow_statue
D:5:      layout_cave_pools, minmay_temple_entry_large_hall, serial_bayou_pond_a
D:6:      layout_loops_corners, nrook_mini_backslash, serial_bayou_pond_d,
          uniq_eustachio
D:7:      nzn_winding_woodlands_stair_cross [nzn_winding_woodlands_5x15_crooked,
          nzn_winding_woodlands_center_lodge,
          nzn_winding_woodlands_5x15_river_crossing,
          nzn_winding_woodlands_5x5_open_star,
          nzn_winding_woodlands_5x5_checkerboard,
          nzn_winding_woodlands_5x15_split_checker,
          nzn_winding_woodlands_center_diamonds,
          nzn_winding_woodlands_5x15_eye], layout_rooms, fiery_altar_vehumet,
          serial_shops, nicolae_shop_stone, shop, minmay_starry_boxes

Skill      XL: |  1  2  3  4  5  6  7  8 |
---------------+-------------------------+-----
Fighting       | 1 2 3 4 |  4.8
Summonings     | 5 6 8 |  8.0
Spellcasting   | 3 4 |  4.0
Stealth        | 2 4 |  4.0
Dodging        | 3 4 |  4.5
Invocations    | 4 |  4.4
Polearms       | 2 |  2.7
Evocations     | 2 |  2.0

Action                   |  1- 3 |  4- 6 |  7- 9 || total
-------------------------+-------+-------+-------++-------
Melee: Dagger            |    96 |    75 |       ||   171
       Club              |     4 |       |       ||     4
       Spear             |       |    20 |   118 ||   138
Throw: Javelin           |       |     3 |       ||     3
 Cast: Summon Small Mamm |     9 |       |       ||     9
       Call Imp          |     5 |    19 |    17 ||    41
       Call Canine Famil |       |     5 |    19 ||    24
 Abil: Hop               |     2 |     1 |     3 ||     6
Evoke: Wand              |       |       |     2 ||     2
  Use: Potion            |     1 |     1 |     1 ||     3
       Scroll            |       |     4 |     8 ||    12
 Stab: Sleeping          |     3 |       |     1 ||     4
       Distracted        |       |     1 |     1 ||     2
Armor: Leather armour    |     6 |       |       ||     6
       Robe              |     3 |       |       ||     3
       Ring mail         |    23 |    33 |    32 ||    88
Dodge: Dodged            |    58 |    54 |    81 ||   193

Table legend: (Time is in decaauts)
 A = Elapsed time spent in this place.
 B = Non-inter-level travel time spent in this place.
 C = Inter-level travel time spent in this place.
 D = Time resting spent in this place.
 E = Time spent auto-exploring this place.
 F = Levels seen in this place.
 G = Mean time per level.
                   A        B        C        D        E       F      G
               +--------+--------+--------+--------+--------+-----+--------+
         Total |  10001 |   8844 |   1157 |   2578 |   4951 |   7 | 1428.7 |
       Dungeon |  10001 |   8844 |   1157 |   2578 |   4951 |   7 | 1428.7 |
               +--------+--------+--------+--------+--------+-----+--------+

Top non-repeatable levels by time:
     D:6: 2433 daAuts
     D:3: 1955 daAuts
     D:2: 1876 daAuts
     D:4: 1321 daAuts
     D:1: 1141 daAuts
     D:5: 1015 daAuts
     D:7: 257 daAuts
